 Dungeon Crawl Stone Soup version 0.27.1-34-g3ba077fa99 (webtiles) character file.

Game seed: 16901333386075603944

1310 iwittbrodt the Nimble (level 8, 40/40 HPs)
             Began as a Felid Conjurer on Jan 19, 2022.
             Was an Initiate of Dithmenos.
             Quit the game on level 9 of the Dungeon.
             The game lasted 00:48:00 (13838 turns).

iwittbrodt the Nimble (Felid Conjurer)             Turns: 13838, Time: 00:48:00

Health: 40/40      AC:  2    Str:  3    XL:     8   Next: 32%
Magic:  17/17      EV: 21    Int: 23    God:    Dithmenos [......]
Gold:   460        SH:  0    Dex: 14    Spells: 9/18 levels left
                                        Lives:  0   Deaths: 2

rFire    + . .     SeeInvis +   (weapon unavailable)
rCold    . . .     Faith    .   (shield unavailable)
rNeg     . . .     Spirit   .   (armour unavailable)
rPois    +         Reflect  .   (helmet unavailable)
rElec    .         Harm     .   (cloak unavailable)
rCorr    .         Rampage  .   (gloves unavailable)
Will     +....                  (boots unavailable)
Stlth    ++........             (no amulet)
HPRegen  0.13/turn              l - ring of poison resistance
MPRegen  0.15/turn              c - ring of protection from fire

@: quick
A: very small, claws 1, fangs 3, see invisible, speed 1, shaggy fur 2, stealthy
paws, no weapons or thrown items, no armour, multi-lived
a: Renounce Religion


You were on level 9 of the Dungeon.
You worshipped Dithmenos.
Dithmenos was noncommittal.
You visited 2 branches of the dungeon, and saw 10 of its levels.

You collected 460 gold pieces.

Inventory:

Jewellery
 c - a ring of protection from fire (right paw)
 l - a ring of poison resistance (left paw)
Wands
 h - a wand of paralysis (18)
 j - a wand of acid (11)
 o - a wand of iceblast (11)
 p - a wand of digging (3)
Scrolls
 a - a scroll of enchant armour
 g - a scroll of vulnerability
 i - a scroll of amnesia
 k - 2 scrolls of noise
 q - a scroll of magic mapping
Potions
 b - a potion of curing
 d - a potion of flight
 e - a potion of resistance {unknown}
 f - 2 potions of heal wounds {unknown}
 m - a potion of invisibility
 n - a potion of mutation {unknown}


   Skills:
 + Level 7.4 Fighting
 + Level 8.1 Dodging
 - Level 3.0 Stealth
 + Level 5.9 Spellcasting
 * Level 7.6 Conjurations
 - Level 6.1 Hexes
 - Level 2.0 Summonings
 - Level 1.0 Translocations
 + Level 1.3 Poison Magic
 + Level 2.9 Evocations


You had 9 spell levels left.
You knew the following spells:

 Your Spells              Type           Power      Damage    Failure   Level
a - Magic Dart            Conj           100%       1d8       1%          1
b - Searing Ray           Conj           84%        3d6       1%          2
c - Fulminant Prism       Conj/Hex       19%        3d11      4%          4
d - Summon Small Mammal   Summ           60%        N/A       3%          1
e - Apportation           Tloc           22%        N/A       6%          1

Your spell library contained the following spells:

 Spells                   Type           Power      Damage    Failure   Level
 Corona                   Hex            38%        N/A       1%          1
 Dazzling Flash           Conj/Hex       76%        N/A       1%          3
 Animate Skeleton         Necr           12%        N/A       9%          1
 Iskenderun's Mystic Bla  Conj/Tloc      26%        2d7       14%         4
 Olgreb's Toxic Radiance  Pois           13%        N/A       43%         4
 Ozocubu's Refrigeration  Ice            3%         4d5       100%        7
 Ignition                 Fire           3%         3d4       100%        8


Dungeon Overview and Level Annotations

Branches:
Dungeon (9/15)             Temple (1/1) D:7            Lair (0/6) D:8
    Orc: D:9-12

Altars:
Ashenzari
Cheibriados
Dithmenos
Elyvilon
Fedhas
Gozag
Hepliaklqana
Kikubaaqudgha
Makhleb
Nemelex Xobeh
Okawaru
Qazlal
Ru
Sif Muna
Trog
Uskayaw
Vehumet
Wu Jian
Xom
Yredelemnul
Zin
The Shining One

Shops:
D:8 *

Annotations:
D:3 3 runed translucent doors, Lutefisk's ghost, amateur OgFE
D:9 Harold


Innate Abilities, Weirdness & Mutations

You have sharp claws.
You have razor-sharp teeth.
You have supernaturally acute eyesight. (SInv)
You cover ground quickly. (Speed+)
You are covered in thick fur. (AC +2)
Your paws help you pounce on unaware monsters.
You are incapable of wielding weapons or throwing items.
You cannot wear armour.
You gain extra lives every three experience levels.


Message History

You close the door.
Harold opens the door.
You close the door.
Harold opens the door.
The orc priest invokes the aid of Beogh against you.
You resist with some effort.
You close the door.
Harold opens the door.
The orc priest looks encouraged for a moment.
You close the door.
Harold opens the door.
The orc priest mumbles some strange prayers to Beogh against you.
You resist with some effort.
You close the door.
An orc priest opens the door.
An orc comes into view. It is wielding a +0 hand axe.
Casting: Magic Dart (safe; 1% risk of failure)
Confirm with . or Enter, or press ? or * to list all spells.
Aiming: Searing Ray (safe; 1% risk of failure)
Press: ? - help, Shift-Dir - straight line, f - Harold
Aim: Harold, wielding a +2 mace of protection and wearing a +0 scale mail (moderately wounded, 89% to hit)
The searing ray hits Harold.
Harold is moderately wounded. (Press . to maintain the ray.)
The orc shouts!
A killer bee comes into view. x2
Harold hits you with a +2 mace of protection!
The searing ray hits Harold!
Harold is heavily wounded.
The searing ray hits the orc!
You kill the orc!
Dithmenos accepts your kill.
The killer bee buzzes angrily. x2
A killer bee comes into view. x2
Harold hits you with a +2 mace of protection!!
Ouch! That really hurt!
* * * LOW HITPOINT WARNING * * *
The orc priest invokes the aid of Beogh against you.
Beogh smites you!
You die...
The killer bee moves out of view.
You are now level 8!
You rejoin the land of the living...
A mummy and a zombie come into view.
Are you sure you want to abandon this character and quit the game? (Confirm with "yes".)

##############
.............
....PZP....
#M8P..# #...@#
######


You could see a mummy and a centaur zombie.

Vanquished Creatures
  A two-headed ogre (D:8)
  Erica (D:9)
  Psyche (D:9)
  Maggie (D:8)
  A wyvern (D:7)
  Eustachio (D:4)
  A steam dragon (D:7)
  Menkaure (D:7)
  An orc warrior (D:7)
  2 sky beasts
  3 black bears
  2 ogres
  A centaur (D:8)
  2 phantoms
  A kobold brigand (D:6)
  3 bullfrogs
  2 scorpions
  A wyvern skeleton (D:6)
  A howler monkey (D:5)
  2 centaur zombies
  An orc priest (D:8)
  A gnoll shaman (D:7)
  3 bullfrog skeletons (D:5)
  4 iguanas
  Terence (D:2)
  4 orc wizards
  A howler monkey skeleton (D:5)
  2 howler monkey zombies
  7 gnolls
  7 adders
  3 white imps
  3 ufetubi
  2 dart slugs
  18 orcs
  5 ball pythons
  4 bats
  2 endoplasms
  6 giant cockroaches
  6 goblins
  2 hobgoblins
  4 jackals (D:4)
  5 kobolds
  3 frilled lizards
  A rat (D:1)
124 creatures vanquished.

Vanquished Creatures (others)
  26 fulminant prisms
  2 fungi (D:9)
  2 withered plants (D:9)
30 creatures vanquished.

Grand Total: 154 creatures vanquished

Notes
Turn   | Place    | Note
-------+----------+-------------------------------------------
     0 | D:1      | iwittbrodt the Felid Conjurer began the quest for the Orb.
     0 | D:1      | Reached XP level 1. HP: 7/7 MP: 4/4
   305 | D:1      | Reached XP level 2. HP: 12/12 MP: 1/6
   385 | D:1      | Reached skill level 1 in Fighting
   419 | D:1      | Found a faded altar of an unknown god.
  1265 | D:2      | Learned a level 2 spell: Searing Ray
  1385 | D:2      | Noticed Terence
  1442 | D:2      | Found an ornate altar of the Wu Jian Council.
  1551 | D:2      | Killed Terence
  1552 | D:2      | Reached XP level 3. HP: 16/16 MP: 0/7
  2105 | D:2      | Reached XP level 4. HP: 20/20 MP: 0/8
  2669 | D:3      | Reached skill level 3 in Dodging
  2910 | D:3      | Noticed Lutefisk's ghost (amateur OgFE)
  2911 | D:3      | Found a runed translucent gate.
  2912 | D:3      | Found a runed translucent gate.
  2915 | D:3      | Found a runed translucent gate.
  3807 | D:4      | Noticed an ogre
  3862 | D:4      | Killed an ogre
  3863 | D:4      | Reached XP level 5. HP: 24/24 MP: 2/10
  3965 | D:4      | Learned a level 4 spell: Fulminant Prism
  3967 | D:4      | Learned a level 1 spell: Summon Small Mammal
  4176 | D:4      | Gained mutation: You are covered in thick fur. (AC +2)
                  | [Felid growth]
  4176 | D:4      | Reached XP level 6. HP: 28/28 MP: 3/11
  4361 | D:4      | Reached skill level 1 in Hexes
  4437 | D:4      | Reached skill level 4 in Dodging
  4681 | D:4      | Noticed Eustachio
  4736 | D:5      | Entered Level 5 of the Dungeon
  4797 | D:4      | Reached skill level 1 in Summonings
  4997 | D:5      | Noticed a sky beast
  5017 | D:5      | Killed a sky beast
  5317 | D:5      | Reached XP level 7. HP: 33/33 MP: 8/13
  6414 | D:5      | Reached skill level 5 in Fighting
  6414 | D:5      | Reached skill level 5 in Dodging
  6500 | D:5      | Found a radiant altar of Vehumet.
  6743 | D:5      | HP: 1/33 [black bear (6)]
  7550 | D:6      | Reached XP level 8. HP: 37/37 MP: 9/15
  8589 | D:6      | Reached skill level 5 in Conjurations
  9010 | D:7      | Reached skill level 6 in Dodging
  9387 | D:7      | Noticed Menkaure
  9624 | D:7      | Killed Menkaure
  9696 | D:7      | Reached skill level 5 in Hexes
  9756 | D:7      | Learned a level 1 spell: Apportation
 10048 | D:7      | Found a staircase to the Ecumenical Temple.
 10178 | Temple   | Entered the Ecumenical Temple
 10533 | D:8      | Found a staircase to the Lair.
 10665 | D:7      | Reached skill level 1 in Translocations
 10991 | D:7      | Reached XP level 9. HP: 37/42 MP: 6/17
 11157 | D:8      | Noticed Maggie
 11168 | D:8      | Killed Maggie
 11169 | D:8      | Reached skill level 5 in Spellcasting
 11634 | D:8      | Reached skill level 7 in Dodging
 12152 | D:8      | Found a white marble altar of Elyvilon.
 12240 | D:8      | Found Gytaoc Jilla's Overcharged Wands.
 12324 | D:8      | Found an iron altar of Okawaru.
 12548 | D:8      | Noticed a two-headed ogre
 12590 | D:8      | Killed a two-headed ogre
 12591 | D:8      | Reached skill level 1 in Evocations
 12737 | D:8      | Found a glowing golden altar of the Shining One.
 12744 | D:8      | Found a burning altar of Makhleb.
 12745 | D:8      | Found an opulent altar of Gozag.
 12746 | D:8      | Found a shimmering altar of Xom.
 12746 | D:8      | Found an ornate altar of the Wu Jian Council.
 12746 | D:8      | Found a bloodstained altar of Trog.
 12746 | D:8      | Found a broken altar of Ashenzari.
 12747 | D:8      | Found a snail-covered altar of Cheibriados.
 12751 | D:8      | Found a shadowy altar of Dithmenos.
 12869 | D:8      | Became a worshipper of Dithmenos the Shadowed
 13063 | D:4      | Killed Eustachio
 13567 | D:9      | Noticed Psyche
 13573 | D:9      | Killed Psyche
 13743 | D:9      | Noticed Harold
 13762 | D:9      | Killed from afar by an orc priest
 13763 | D:9      | Reached XP level 8. HP: -2/40 MP: 8/17
 13763 | D:9      | Found a hide-covered altar of Uskayaw.
 13804 | D:9      | Noticed Erica
 13817 | D:9      | Killed Erica
 13818 | D:9      | Reached skill level 8 in Dodging
 13818 | D:9      | Reached skill level 1 in Poison Magic
 13818 | D:9      | Reached XP level 9. HP: 43/43 MP: 3/18
 13836 | D:9      | HP: 1/43 [Harold (24)]
 13836 | D:9      | Killed from afar by an orc priest
 13837 | D:9      | Reached XP level 8. HP: -13/40 MP: 1/17
 13838 | D:9      | Quit the game

Illustrated notes

Levels and vault maps discovered:
D:1:      dpeg_arrival_central, layout_loops_ring,
          chequers_ecumenical_altar_simple, minmay_tromino_i2
D:2:      layout_loops_ring, basic_altar, amcnicky_mini_corridor_feature,
          lemuel_old_faithful, uniq_terence
D:3:      layout_basic, gammafunk_ghost_split, minmay_misc_feat_five,
          kennysheep_doodads
D:4:      layout_basic, uniq_eustachio
D:5:      layout_basic, kennysheep_little_box, chequers_serial_rivers_room_a
D:6:      layout_basic
D:7:      layout_rooms, minmay_temple_entry_enclosed_plants, uniq_menkaure
D:8:      layout_cave_pools, lemuel_doored_altar, minitemple, elyvilon_altar_5,
          lair_entry_dummy, nicolae_shop_overcharged_wands, uniq_maggie
D:9:      layout_long_grid, amcnicky_altar_gilded, serial_undead,
          serial_undead_c, serial_undead_e, serial_undead_c, serial_undead_e,
          fungi_pond_lemuel, uniq_psyche, uniq_harold, uniq_erica
Temple:   nicolae_temple_figure_zero

Skill      XL: |  1  2  3  4  5  6  7  8  9 |
---------------+----------------------------+-----
Stealth        | 3 |  3.0
Fighting       | 2 3 4 5 6 7 |  7.4
Conjurations   | 4 5 7 |  7.6
Dodging        | 3 4 5 8 7 |  8.1
Spellcasting   | 3 4 5 |  5.9
Hexes          | 2 3 5 6 |  6.1
Summonings     | 1 2 |  2.0
Translocations | 1 |  1.0
Evocations     | 2 |  2.9
Poison Magic   | 1 |  1.3

Action                   |  1- 3 |  4- 6 |  7- 9 || total
-------------------------+-------+-------+-------++-------
Melee: Unarmed           |     8 |       |     1 ||     9
 Cast: Magic Dart        |    39 |    78 |    95 ||   212
       Searing Ray       |     2 |    16 |    48 ||    66
       Summon Small Mamm |       |     1 |    10 ||    11
       Fulminant Prism   |       |       |    26 ||    26
  Use: Scroll            |       |     4 |    11 ||    15
       Potion            |       |       |     1 ||     1
Armor: Skin              |       |     4 |     8 ||    12
Dodge: Dodged            |    16 |    20 |   109 ||   145
